 Dungeon Crawl Stone Soup version 0.19.5 (webtiles) character file.

27955 equalderp2856 the Ripper (level 13, -6/55 HPs)
             Began as a Felid Fighter on Apr 8, 2017.
             Mangled by a phantasmal warrior (23 damage)
             ... led by a death knight
             ... on level 12 of the Dungeon.
             The game lasted 03:30:30 (63489 turns).

equalderp2856 the Ripper (Felid Fighter)           Turns: 63489, Time: 03:30:30

Health: -6/55      AC:  3    Str: 13    XL:     13   Next: 7%
Magic:  12/28      EV: 29    Int: 11    God:
Gold:   1310       SH:  2    Dex: 18    Spells: 4 memorised, 24 levels left
                                        Lives:  0   Deaths: 4

rFire  + . .     SeeInvis +       - Unarmed
rCold  + + .     Gourm    .     (armour unavailable)
rNeg   . . .     Faith    .     (shield unavailable)
rPois  .         Spirit   .     (helmet unavailable)
rElec  .         Reflect  +     (cloak unavailable)
rCorr  .         Harm     .     (gloves unavailable)
MR     +....                    (boots unavailable)
Stlth  ++++++....               J - +2 amulet of reflection
                                n - ring of protection from fire
                                t - ring of protection from cold

@: studying 2 skills, quick
A: no armour, no weapons or thrown items, stealth, claws 1, fangs 3, see
invisible, carnivore 3, speed 1, shaggy fur 3, slow metabolism 1, sharp paws
a: no special abilities


You were on level 12 of the Dungeon.
You were not hungry.

You visited 2 branches of the dungeon, and saw 18 of its levels.
You also visited: Labyrinth and Ice Cave.

You collected 1310 gold pieces.

Inventory:

Missiles
 h - 412 arrows
Jewellery
 j - an uncursed ring of ice
 m - a +5 ring of dexterity
 n - a ring of protection from fire (right paw)
 p - an uncursed ring of protection from fire
 s - an uncursed amulet of faith
 t - a ring of protection from cold (left paw)
 y - an uncursed ring of poison resistance
 J - a +2 amulet of reflection (around neck)
Wands
 a - a wand of iceblast (2/15)
 e - a wand of slowing (26/48)
 F - a wand of confusion (7/48)
 G - a wand of enslavement (19/24)
 N - a wand of polymorph (6/24)
 P - a wand of teleportation (6/9)
Scrolls
 c - a scroll of identify
 g - 12 scrolls of remove curse
 v - 3 scrolls of fear
 D - 3 scrolls of magic mapping
 L - 2 scrolls of fog
 M - a scroll of summoning
 W - 3 scrolls of teleportation
 Z - a scroll of blinking
Potions
 f - 3 potions of magic
 i - 9 potions of brilliance
 l - a potion of flight
 z - 5 potions of lignification
 B - 2 potions of ambrosia
 C - 2 potions of curing
 R - a potion of cancellation
Books
 o - a book of Cantrips

   Spells                             Type                      Level
   a - Confusing Touch                Hexes                        1
   b - Animate Skeleton               Necromancy                   1
   c - Summon Small Mammal            Summoning                    1
   d - Apportation                    Translocation                1
 w - a manual of Hexes
 x - a manual of Air Magic
 E - a book of Transfigurations

   Spells                             Type                      Level
   a - Irradiate                      Conjuration/Transmutation    5
   b - Statue Form                    Transmutation/Earth          6
   c - Hydra Form                     Transmutation                6
   d - Dragon Form                    Transmutation                7
 O - a book of Power

   Spells                             Type                      Level
   a - Fulminant Prism                Conjuration/Hexes            4
   b - Iskenderun's Mystic Blast      Conjuration                  4
   c - Venom Bolt                     Conjuration/Poison           5
   d - Bolt of Magma                  Conjuration/Fire/Earth       5
   e - Iron Shot                      Conjuration/Earth            6
   f - Orb of Destruction             Conjuration                  7
   g - Spellforged Servitor           Conjuration/Summoning        7
 T - a book of Debilitation

   Spells                             Type                      Level
   a - Corona                         Hexes                        1
   b - Slow                           Hexes                        2
   c - Gell's Gravitas                Hexes/Translocation          3
   d - Inner Flame                    Hexes/Fire                   3
   e - Cause Fear                     Hexes                        4
   f - Leda's Liquefaction            Hexes/Earth                  4
Comestibles
 b - 10 meat rations
 q - 2 beef jerkies
 r - 3 slices of pizza
 Y - a royal jelly


   Skills:
 + Level 6.1 Fighting
 + Level 12.5 Dodging
 + Level 12.0 Stealth
 + Level 18.3 Unarmed Combat
 + Level 10.1 Spellcasting
 + Level 3.3 Conjurations
 + Level 16.4 Hexes
 + Level 3.4 Evocations


You had 24 spell levels left.
You knew the following spells:

 Your Spells              Type           Power        Failure   Level  Hunger
a - Corona                Hex            #####..      0%          1    None
b - Slow                  Hex            #####...     1%          2    None
c - Fulminant Prism       Conj/Hex       ####......   2%          4    ####...
d - Confusing Touch       Hex            #####.       0%          1    None


Dungeon Overview and Level Annotations

Branches:
Dungeon (12/15)            Temple (0/1) D:5            Lair (6/6) D:10
  Swamp (0/4) Lair:4       Spider (0/4) Lair:2        Slime (0/5) Lair:6
    Orc (0/2) D:9

Altars:
The Shining One

Shops:
D:4 }   D:9 [(   D:10 }   D:11 ?[[?

Annotations:
D:10 exclusion: wraith, Josephine
D:11 theAP's ghost, journeyman FoFi
D:12 Frances; Rupert
Lair:3 exclusion: oklob plant
Lair:6 1 exclusion


Innate Abilities, Weirdness & Mutations

You cannot wear armour.
You are incapable of wielding weapons or throwing items.
Your paws allow you to move quietly. (Stealth)
You have sharp claws.
You have razor-sharp teeth.
You have supernaturally acute eyesight. (SInv)
You are carnivorous and can eat meat at any time.
You cover ground quickly.
Your thick and shaggy fur keeps you warm. (AC +3, rC+)
You have a slow metabolism.
Your sharp claws are effective at attacking unaware monsters.


Message History

The death knight is heavily wounded.
The death knight reflects your damage back at you!
Casting: Fulminant Prism
Confirm with . or Enter, or press ? or * to list all spells.
You don't know that spell.
Casting: Fulminant Prism
Confirm with . or Enter, or press ? or * to list all spells.
Your paws begin to glow red.
The death knight calls down the wrath of Yredelemnul upon you.
You easily resist.
The phantasmal warrior blinks!
You scratch the death knight but do no damage.
The death knight appears confused.
The death knight is heavily wounded.
Your paws stop glowing.
You pounce on the helpless death knight from behind!
You eviscerate the death knight!!!
You kill the death knight!
Your damage is reflected back at you!
The phantasmal warrior hits you!!
You die...

##################
...'.............#
...#......(......#
...#......W......#
+####..>####...#####
###...####...###.##
#......#......@...#
#...p..#.....W)...#
#.....##.....##...#
#.....#########...#
#......'......'...#
#.....##......#...#
###'####.....##...#
+.....#########...#
#......# #...#


You could see a phantasmal warrior and a wraith (wandering).

Vanquished Creatures
  A frost giant (IceCv)
  A fire dragon (Lair:6)
  A minotaur (Lab)
  9 hydras
  A death knight (D:12)
  7 death yaks
  A skeletal warrior (D:11)
  3 hill giants
  Pikel (D:7)
  A lindwurm (Lair:6)
  2 ugly things
  A deep elf mage (D:10)
  A cyclops (D:12)
  An oklob plant (Lair:6)
  Psyche (D:10)
  2 torpor snails (Lair:6)
  19 elephants
  An ice statue (IceCv)
  4 black mambas
  18 spiny frogs
  3 rime drakes
  8 komodo dragons
  A kobold demonologist (D:11)
  14 polar bears
  2 tyrant leeches (Lair:6)
  3 trolls
  4 two-headed ogres
  24 dream sheep
  23 blink frogs
  A meliai zombie (D:11)
  12 hippogriffs
  4 wyverns
  A vampire (D:10)
  2 redbacks (Lab)
  A wraith (D:12)
  Eustachio (D:5)
  4 basilisks
  89 yaks
  2 hungry ghosts
  Menkaure (D:5)
  Grum (D:10)
  5 mottled dragons
  3 steam dragons
  A swamp worm (Lair:6)
  9 water moccasins
  8 porcupines
  5 orc warriors
  An eye of draining (Lair:6)
  3 ice beasts
  3 sky beasts
  3 black bears
  A phantom (D:9)
  2 ogres (D:6)
  46 wolves
  A necrophage (D:6)
  24 crocodiles
  6 centaurs
  4 big kobolds
  A gnoll sergeant (D:9)
  20 bullfrogs
  2 scorpions
  22 killer bees
  21 wights
  10 howler monkeys
  10 crimson imps
  6 jellies
  2 centaur zombies (D:7)
  A bullfrog zombie (D:12)
  2 quasits
  7 hounds
  4 centaur skeletons
  5 orc priests
  4 bullfrog skeletons
  12 iguanas
  12 orc wizards
  6 worker ants
  2 hound zombies
  2 hound skeletons
  A worker ant zombie (D:9)
  8 gnolls
  11 adders
  6 shadow imps
  12 white imps (Lair:5)
  2 oozes
  An adder skeleton (D:6)
  4 worms
  3 dart slugs
  2 leopard geckos
  55 orcs
  6 giant cockroaches
  12 goblins
  10 hobgoblins
  12 jackals
  7 quokkas
  A ball python (D:5)
  8 bats
  10 frilled lizards
  11 kobolds
  A leopard gecko skeleton (D:6)
  2 quokka skeletons (D:6)
  9 rats
  A bush (Lair:6)
  12 fulminant prisms
  4 fungi
  6 plants
770 creatures vanquished.

Vanquished Creatures (others)
  4 slaves (D:7)
  An orc wizard (D:7)
  A worker ant (D:7)
  3 orcs (D:7)
  A bush (Lair:5)
  195 fulminant prisms
  30 fungi
  25 plants
260 creatures vanquished.

Grand Total: 1030 creatures vanquished

Notes
Turn   | Place    | Note
-------+----------+-------------------------------------------
     0 | D:1      | equalderp2856 the Felid Fighter began the quest for the Orb.
     0 | D:1      | Reached XP level 1. HP: 10/10 MP: 2/2
   221 | D:1      | Reached XP level 2. HP: 14/14 MP: 3/3
  1512 | D:1      | Reached XP level 3. HP: 17/17 MP: 4/4
  2123 | D:2      | Reached skill level 5 in Unarmed Combat
  2444 | D:2      | Reached XP level 4. HP: 21/21 MP: 5/5
  3752 | D:4      | Noticed a centaur
  3756 | D:4      | HP: 1/21 [centaur (7)]
  3761 | D:4      | Killed a centaur
  3761 | D:4      | Reached skill level 6 in Unarmed Combat
  3761 | D:4      | Reached XP level 5. HP: 8/24 MP: 6/6
  4574 | D:4      | Reached skill level 1 in Stealth
  4864 | D:4      | Gained mutation: You are covered in thick fur. (AC +2) [Felid growth]
  4864 | D:4      | Reached XP level 6. HP: 23/28 MP: 7/7
  5145 | D:4      | Found Mupseu's Gadget Boutique.
  5561 | D:4      | Reached skill level 7 in Unarmed Combat
  5888 | D:5      | Entered Level 5 of the Dungeon
  5904 | D:5      | Reached skill level 5 in Dodging
  5975 | D:5      | Found a glowing golden altar of the Shining One.
  6205 | D:5      | Reached XP level 7. HP: 31/31 MP: 8/8
  6255 | D:5      | Found a staircase to the Ecumenical Temple.
  7236 | D:5      | Noticed Menkaure
  7932 | D:6      | Reached skill level 8 in Unarmed Combat
  8139 | D:6      | Reached skill level 5 in Stealth
  8217 | D:6      | Reached XP level 8. HP: 26/34 MP: 9/9
  8326 | D:6      | Reached skill level 9 in Unarmed Combat
  9681 | D:7      | Noticed a hippogriff
  9977 | D:6      | Slain by a hippogriff
  9978 | D:6      | Reached XP level 7. HP: 0/30 MP: 8/8
 10013 | D:6      | Killed a hippogriff
 10426 | D:7      | Noticed Pikel
 10427 | D:7      | Killed Pikel
 10427 | D:7      | Reached skill level 10 in Unarmed Combat
 10427 | D:7      | Reached XP level 8. HP: 36/36 MP: 9/9
 11488 | D:5      | Noticed Eustachio
 12423 | D:7      | Reached skill level 11 in Unarmed Combat
 12423 | D:7      | Reached XP level 9. HP: 34/39 MP: 10/10
 14836 | D:8      | Reached skill level 12 in Unarmed Combat
 16132 | D:8      | Reached XP level 10. HP: 23/43 MP: 11/11
 16703 | D:5      | Killed Menkaure
 16972 | D:5      | Killed Eustachio
 17800 | D:9      | Found Luxon's Armour Shop.
 18154 | D:9      | Found Obisamax's Weapon Shop.
 18154 | D:9      | Found a staircase to the Orcish Mines.
 18165 | D:9      | Reached skill level 1 in Spellcasting
 18494 | D:9      | Noticed a purple ugly thing
 18512 | D:9      | Killed a purple ugly thing
 18979 | D:9      | Reached skill level 5 in Spellcasting
 19864 | D:9      | Reached skill level 13 in Unarmed Combat
 21041 | D:10     | Entered Level 10 of the Dungeon
 21165 | D:10     | Reached XP level 11. HP: 27/46 MP: 19/19
 21617 | D:10     | Found a staircase to the Lair.
 21759 | D:10     | Noticed a hill giant
 21761 | D:10     | Killed a hill giant
 21888 | D:10     | Found Unogimos's Gadget Boutique.
 22166 | D:10     | Noticed Grum
 22335 | D:10     | Noticed Josephine
 22493 | D:10     | Killed Grum
 22600 | D:10     | Noticed Psyche
 22607 | D:10     | Killed Psyche
 22607 | D:10     | Reached skill level 5 in Fighting
 22734 | D:11     | Found Uhiphist's Armour Emporium.
 22734 | D:11     | Noticed theAP's ghost (journeyman FoFi)
 22737 | D:11     | Found Maixon's Magic Scroll Shop.
 22981 | D:9      | Identified 3 scrolls of acquirement
 23455 | D:10     | Noticed a hill giant
 23621 | D:11     | Found Ymeha's Magic Scroll Shop.
 23801 | D:11     | Noticed a deep elf mage
 23816 | D:10     | Killed a deep elf mage
 23816 | D:10     | Reached skill level 14 in Unarmed Combat
 24824 | D:9      | Reached skill level 5 in Hexes
 25045 | D:11     | Found Maucef's Antique Armour Shoppe.
 25045 | D:11     | Noticed a green ugly thing
 25454 | D:11     | Reached skill level 10 in Stealth
 25464 | D:11     | Reached skill level 10 in Dodging
 25464 | D:11     | Reached skill level 1 in Evocations
 25764 | D:11     | Noticed a hill giant
 26289 | D:11     | Killed a green ugly thing
 26628 | D:11     | Killed a hill giant
 26628 | D:11     | Gained mutation: Your thick and shaggy fur keeps you warm. (AC +3, rC+) [Felid growth]
 26628 | D:11     | Reached XP level 12. HP: 51/51 MP: 20/20
 26781 | D:12     | Noticed Frances
 26885 | Lair:1   | Entered Level 1 of the Lair of Beasts
 27138 | Lair:1   | Found a labyrinth entrance.
 27163 | Lair:1   | Reached skill level 15 in Unarmed Combat
 27217 | Lab      | Entered a labyrinth
 30338 | Lab      | Noticed a minotaur
 30716 | Lab      | Killed a minotaur
 32500 | Lair:2   | Found a hole to the Spider Nest.
 32509 | Lair:3   | Learned a level 1 spell: Corona
 32512 | Lair:3   | Learned a level 2 spell: Slow
 33179 | Lair:1   | Noticed a seven-headed hydra
 34740 | Lair:2   | Noticed an eight-headed hydra
 34805 | Lair:2   | Noticed a five-headed hydra
 34813 | Lair:2   | Killed a five-headed hydra
 34813 | Lair:2   | Reached skill level 16 in Unarmed Combat
 36495 | Lair:3   | Reached XP level 13. HP: 55/55 MP: 18/22
 37310 | Lair:4   | Found a staircase to the Swamp.
 38956 | Lair:4   | Reached skill level 10 in Hexes
 39766 | Lair:5   | Found a frozen archway.
 39895 | Lair:5   | Slain by a blink frog
 39896 | Lair:5   | Reached XP level 12. HP: -1/52 MP: 22/23
 39954 | IceCv    | Entered an ice cave
 40518 | IceCv    | Noticed a death yak
 40618 | IceCv    | Killed a death yak
 42459 | IceCv    | Noticed a death yak
 42508 | IceCv    | Noticed a death yak
 42572 | IceCv    | Reached skill level 17 in Unarmed Combat
 42881 | IceCv    | Killed a death yak
 42881 | IceCv    | Reached XP level 13. HP: 54/55 MP: 19/25
 43540 | IceCv    | Noticed a frost giant
 45827 | IceCv    | Killed a frost giant
 49040 | Lair:6   | Entered Level 6 of the Lair of Beasts
 50776 | Lair:6   | Learned a level 4 spell: Fulminant Prism
 51401 | Lair:6   | Reached skill level 1 in Conjurations
 51955 | Lair:6   | Reached XP level 14. HP: 60/60 MP: 26/28
 52188 | Lair:6   | Found a staircase to the Slime Pits.
 54976 | Lair:6   | Reached skill level 18 in Unarmed Combat
 55482 | Lair:5   | Reached skill level 15 in Hexes
 57167 | Lair:6   | Killed from afar by a lindwurm
 57168 | Lair:6   | Reached XP level 13. HP: -4/55 MP: 19/27
 57218 | Lair:6   | Learned a level 1 spell: Confusing Touch
 58677 | Lair:6   | Killed a fire dragon
 61799 | D:12     | Reached skill level 10 in Spellcasting
 62755 | D:12     | Noticed Rupert
 63100 | D:11     | Reached XP level 14. HP: 60/60 MP: 13/29
 63294 | D:12     | Paralysed by Rupert for 7 turns
 63300 | D:12     | Mangled by Rupert
 63301 | D:12     | Reached XP level 13. HP: -11/55 MP: 28/28
 63489 | D:12     | Mangled by a phantasmal warrior

Skill      XL: |  1  2  3  4  5  6  7  8  9 10 11 12 13 14 |
---------------+-------------------------------------------+-----
Unarmed Combat | 5 6 7 10 11 12 13 14 17 18 | 18.3
Stealth        | 1 3 6 7 8 9 10 11 12 | 12.0
Dodging        | 5 6 7 8 9 10 11 12 | 12.5
Fighting       | 4 5 6 |  6.1
Spellcasting   | 5 7 10 | 10.1
Hexes          | 5 11 16 15 | 16.4
Evocations     | 1 2 3 |  3.4
Conjurations   | 3 2 |  3.3

Action                   |  1- 3 |  4- 6 |  7- 9 | 10-12 | 13-15 || total
-------------------------+-------+-------+-------+-------+-------++-------
Melee: Unarmed           |   115 |   153 |   481 |  1197 |  1040 ||  2986
       Bite              |     8 |     9 |    44 |   164 |   153 ||   378
       Punch             |       |     3 |    27 |    98 |   116 ||   244
 Cast: Slow              |       |       |       |    60 |   162 ||   222
       Corona            |       |       |       |    47 |   132 ||   179
       Fulminant Prism   |       |       |       |       |   207 ||   207
       Confusing Touch   |       |       |       |       |    11 ||    11
Evoke: Wand              |       |       |       |    37 |    29 ||    66
  Use: Scroll            |       |     9 |     1 |    14 |     7 ||    31
       Potion            |       |     1 |     2 |     6 |     3 ||    12
 Stab: Sleeping          |     1 |     7 |    11 |    18 |    12 ||    49
       Distracted        |       |     1 |     4 |     8 |     2 ||    15
       Confused          |       |       |       |     4 |     8 ||    12
       Invisible         |       |       |       |     1 |       ||     1
  Eat: Chunk             |     6 |    11 |    18 |    56 |    73 ||   164
       Meat ration       |       |       |     1 |       |     1 ||     2
       Pizza             |       |       |     1 |       |       ||     1
Armor: Skin              |     5 |     4 |    20 |    26 |    21 ||    76
Dodge: Dodged            |    82 |   102 |   344 |   949 |   756 ||  2233
Block: Other             |       |       |       |       |    20 ||    20
